 Dungeon Crawl Stone Soup version 0.23-a0-183-gf37f6fb (webtiles) character file.

333 Felrender the Shield-Bearer (level 6, 0/53 HPs)
             Began as a Minotaur Fighter on Sept 21, 2018.
             Killed from afar by Ijyb (9 damage)
             ... with a wand of acid (8)
             ... on level 5 of the Dungeon.
             The game lasted 00:09:31 (4096 turns).

Felrender the Shield-Bearer (Minotaur Fighter)      Turns: 4096, Time: 00:09:33

Health: 0/53       AC:  9    Str: 21    XL:     6   Next: 27%
Magic:  5/5        EV:  6    Int:  5    God:
Gold:   240        SH: 11    Dex: 11    Spells: 5/5 levels left

rFire    . . .     SeeInvis .   a - +1 long sword
rCold    . . .     Gourm    .   c - +1 shield
rNeg     . . .     Faith    .   o - +0 chain mail
rPois    .         Spirit   .   (helmet restricted)
rElec    .         Reflect  .   q - +0 cloak
rCorr    .         Harm     .   p - +1 pair of gloves
MR       .....                  (no boots)
Stlth    ..........             (no amulet)
HPRegen  0.17/turn              (no ring)
MPRegen  0.09/turn              (no ring)

@: corroded
A: retaliatory headbutt, horns 2
a: no special abilities


You were on level 5 of the Dungeon.
You were not hungry.

You visited 1 branch of the dungeon, and saw 5 of its levels.

You collected 240 gold pieces.

Inventory:

Hand Weapons
 a - a +1 long sword (weapon)
 d - a +4 quarterstaff of chaos
Missiles
 n - 17 sling bullets
Armour
 c - a +1 shield (worn)
 o - a +0 chain mail (worn)
 p - a +1 pair of gloves (worn)
 q - a +0 cloak (worn)
Scrolls
 g - 3 scrolls of magic mapping
 k - a scroll of remove curse
 r - a scroll of fog {unknown}
 t - a scroll of amnesia {unknown}
Potions
 b - a potion of cancellation {unknown}
 e - a potion of lignification {unknown}
 h - a potion of agility {unknown}
 j - 2 potions of curing
 m - a potion of flight {unknown}
 v - a potion of brilliance {unknown}
Comestibles
 f - 2 rations
 i - a chunk of flesh


   Skills:
 + Level 4.4 Fighting
 + Level 5.2 Long Blades
 + Level 5.1 Armour
 + Level 0.6 Dodging
 + Level 0.1 Stealth
 + Level 5.3 Shields


You had 5 spell levels left.
You didn't know any spells.
Your spell library was empty.

Dungeon Overview and Level Annotations

Branches:
Dungeon (5/15)
 Temple: D:4-7

Altars:
Dithmenos
Kikubaaqudgha
Makhleb
Ru
Uskayaw
Vehumet
Xom

Annotations:
D:5 Ijyb


Innate Abilities, Weirdness & Mutations

You reflexively headbutt those who attack you in melee.
You have a pair of horns on your head.


Message History

Found a quarterstaff and a leather armour.
Found a stone staircase leading up.
There is a stone staircase leading up here.
The giant cockroach waves its antennae.
Ijyb zaps a wand.
The bolt of acid hits you!
You are splashed with acid!
The acid burns!
It is a wand of acid (9).
You open the door.
Ijyb zaps a wand.
The bolt of acid hits you! The acid corrodes you!
You are splashed with acid!
The acid burns!
* * * LOW HITPOINT WARNING * * *
Found 9 gold pieces and 4 large rocks.
You block the giant cockroach's attack.
There is an open door here.
You hit the quokka skeleton. You headbutt the quokka skeleton.
You destroy the quokka skeleton!
Ijyb zaps a wand.
The bolt of acid hits the giant cockroach.
The giant cockroach is splashed with acid.
The giant cockroach dies!
The bolt of acid hits you!
You die...

...............
...............
........... ...)...
######### #...#
........###.<.#
........#.....####
........#o.........
.......@†a...[.....
........#g..........
.....$..#...........
..(.....#...........
........#...........
........##+########
......... .........


You could see Ijyb, a worker ant and an orc.

Vanquished Creatures
  Crazy Yiuf (D:2)
  A hound (D:4)
  An orc priest (D:4)
  2 orc wizards (D:4)
  2 worker ants (D:4)
  7 adders
  2 oozes
  3 worms
  3 dart slugs
  2 leopard geckos
  3 orcs (D:4)
  2 giant cockroaches
  2 goblins
  7 hobgoblins
  8 kobolds
  2 quokkas
  9 bats
  5 frilled lizards
  A quokka skeleton (D:5)
  5 rats
68 creatures vanquished.

Vanquished Creatures (others)
  A giant cockroach (D:5)
1 creature vanquished.

Grand Total: 69 creatures vanquished

Notes
Turn   | Place    | Note
-------+----------+-------------------------------------------
     0 | D:1      | Felrender the Minotaur Fighter began the quest for the Orb.
     0 | D:1      | Reached XP level 1. HP: 19/19 MP: 0/0
    75 | D:1      | Reached XP level 2. HP: 27/27 MP: 1/1
   822 | D:2      | Found a runed door.
   890 | D:2      | Reached XP level 3. HP: 33/33 MP: 2/2
  1374 | D:2      | Reached XP level 4. HP: 31/40 MP: 3/3
  1825 | D:2      | Noticed Crazy Yiuf
  1830 | D:2      | Killed Crazy Yiuf
  2422 | D:3      | Found a burning altar of Makhleb.
  2551 | D:3      | Reached XP level 5. HP: 46/46 MP: 4/4
  3082 | D:4      | Found a radiant altar of Vehumet.
  3084 | D:4      | Found a shimmering altar of Xom.
  3084 | D:4      | Found an ancient bone altar of Kikubaaqudgha.
  3084 | D:4      | Found a sacrificial altar of Ru.
  3096 | D:4      | Found a hide-covered altar of Uskayaw.
  3096 | D:4      | Found a shadowy altar of Dithmenos.
  3620 | D:4      | Reached skill level 5 in Shields
  3622 | D:4      | Reached skill level 5 in Long Blades
  3622 | D:4      | Reached skill level 5 in Armour
  3622 | D:4      | Reached XP level 6. HP: 20/53 MP: 5/5
  4089 | D:5      | Entered Level 5 of the Dungeon
  4089 | D:5      | Noticed Ijyb
  4096 | D:5      | Killed from afar by Ijyb

Vault maps used:
D:1:      dpeg_arrival_windows_large_door
D:2:      first_ration, uniq_crazy_yiuf_cottage
D:3:      bloody_makhleb
D:4:      minmay_overflow_temple_hex
D:5:      nicolae_overflow_crystal_walls, uniq_ijyb, uniq_sigmund

Skill      XL: |  1  2  3  4  5 |
---------------+----------------+-----
Armour         | 4 5 |  5.1
Fighting       | 4 |  4.4
Shields        | 4 5 |  5.3
Long Blades    | 3 4 5 |  5.2
Dodging        | |  0.6
Stealth        | |  0.1

Action                   |  1- 3 |  4- 6 || total
-------------------------+-------+-------++-------
Melee: Long sword        |    66 |   107 ||   173
       Headbutt          |    11 |    16 ||    27
  Use: Scroll            |     4 |     4 ||     8
       Potion            |       |     4 ||     4
  Eat: Chunk             |     1 |     2 ||     3
       Ration            |       |     2 ||     2
Armor: Scale mail        |    23 |       ||    23
       Chain mail        |       |    51 ||    51
Dodge: Dodged            |    26 |    14 ||    40
Block: Shield            |    40 |    53 ||    93
       Rpst.: Long sword |     6 |     4 ||    10

Table legend:
 A = Non-vault XP
 B = Vault XP
 C = Vault XP percentage of total XP
 D = Non-vault monster count
 E = Vault monster count
 F = Vault count percentage of total count
                 A         B        C        D         E       F
            +---------+---------+-------+---------+---------+-------
      Total |     436 |      41 |   8.6 |      67 |       1 |   1.5
            +---------+---------+-------+---------+---------+-------
        D:1 |      37 |       0 |   0.0 |      16 |       0 |   0.0
        D:2 |     100 |      41 |  29.1 |      21 |       1 |   4.5
        D:3 |      35 |       0 |   0.0 |      15 |       0 |   0.0
        D:4 |     263 |       0 |   0.0 |      14 |       0 |   0.0
        D:5 |       1 |       0 |   0.0 |       1 |       0 |   0.0
            +---------+---------+-------+---------+---------+-------
